AoeStats
← Michi3052

Hideout

507398843Analyzed
1v1 RM · 15d ago on Sep 18, 2026· 55m 52s· 2 players
Game mode
Random Map
Map size
Tiny (2 player)
Population
200
Speed
Normal
Resources
Standard
Victory
Conquest
Starting age
Dark Age
Ending age
Imperial Age
RankedLock teamsTeams togetherTeam positionsShared explorationLock speedFull tech treeHidden civsTurbo modeCheats
Victory
Defeat
🇪🇸 Aztecs · Spain
700
+15
🇲🇽 Celts · Mexico
688
-15
NayarbZurc
1:09 Loom
10:20 Feudal Age
10:56 Double-Bit Axe
11:54 Wheelbarrow
12:30 Gold Mining
16:32 Fletching
18:27 Padded Archer Armor
22:40 Forging
25:03 Castle Age
26:04 Bodkin Arrow
31:05 Bow Saw
30:52 Stone Mining
31:28 Town Watch
32:05 Horse Collar
33:45 Gold Shaft Mining
33:36 Heavy Plow
33:22 Treadmill Crane
38:49 Imperial Age
36:46 Ballistics
35:50 Elite Skirmisher
37:04 Scale Mail Armor
37:49 Masonry
38:01 Stronghold
40:31 Chemistry
40:48 Stone Shaft Mining
41:08 Conscription
41:35 Hand Cart
42:49 Elite Woad Raider
45:15 Murder Holes
54:05 Town Patrol
Michi3052
10:36 Feudal Age
12:17 Double-Bit Axe
13:07 Man-at-Arms
21:18 Scale Mail Armor
21:29 Forging
22:50 Wheelbarrow
27:15 Castle Age
27:04 Horse Collar
27:19 Eagle Warrior
27:46 Gambesons
28:01 Squires
29:11 Chain Mail Armor
30:12 Hand Cart
31:53 Stone Mining
32:51 Bow Saw
34:54 Gold Mining
34:46 Elite Skirmisher
35:20 Arson
35:32 Loom
35:37 Town Watch
36:51 Gold Shaft Mining
38:17 Stone Shaft Mining
38:58 Iron Casting
38:14 Fletching
40:52 Atlatl
42:45 Padded Archer Armor
47:50 Imperial Age
47:17 Town Patrol
47:55 Elite Jaguar Warrior
49:06 Conscription
50:17 Heavy Plow
54:24 Chemistry
53:45 Ballistics
54:04 Crop Rotation
Connection lost

Rejoining the realm…

Still unreachable

The connection could not be restored.

Session expired

The server has moved on; the page needs a fresh start.